 Dungeon Crawl Stone Soup version 0.30-a0-137-gd8773701ce (webtiles) character file.

Game seed: 10856384563491742261

60 zishaf the Sneak (level 4, -6/23 HPs)
             Began as a Vine Stalker Brigand on Sept 23, 2022.
             Killed by nerve-wracking pain
             ... invoked by Grinder
              (9 damage)
             ... on level 3 of the Dungeon.
             The game lasted 00:03:45 (2019 turns).

zishaf the Sneak (Vine Stalker Brigand)             Turns: 2019, Time: 00:03:46

Health: -6/23      AC:  8    Str: 13    XL:     4   Next: 6%
Magic:  0/5        EV:  9    Int: 11    God:
Gold:   96         SH:  0    Dex: 18    Spells: 3/3 levels left

rFire   . . .      SeeInvis .    a - +2 dagger
rCold   . . .      Faith    +    (no shield)
rNeg    . . .      Spirit   +    n - +0 scale mail
rPois   .          Reflect  .    (no helmet)
rElec   .          Harm     .    c - +0 cloak
rCorr   .          Rampage  .    (no gloves)
Will    .....                    q - +0 pair of boots
Stlth   ++........               r - amulet of faith
HPRegen 0.87/turn                (no ring)
MPRegen 0.09/turn                (no ring)

@: no status effects
A: fangs 2, regeneration 1, magic shield, antimagic bite, no potion heal 2
a: no special abilities


You were on level 3 of the Dungeon.
You visited 1 branch of the dungeon, and saw 3 of its levels.

You collected 96 gold pieces.

Inventory:

Hand Weapons
 a - a +2 dagger (weapon)
Missiles
 d - 9 poisoned darts
 e - a curare-tipped dart
 f - 3 boomerangs (quivered)
Armour
 c - a +0 cloak (worn)
 m - a +0 ring mail
 n - a +0 scale mail (worn)
 q - a +0 pair of boots (worn)
Jewellery
 r - an amulet of faith (around neck)
Scrolls
 g - 4 scrolls of teleportation {unknown}
 k - 2 scrolls of blinking {unknown}
 l - a scroll of torment {unknown}
 o - 3 scrolls of identify {unknown}
 s - 3 scrolls of magic mapping {unknown}
Potions
 b - 3 potions of brilliance {unknown}
 h - a potion of haste {unknown}
 i - a potion of berserk rage {unknown}
 j - a potion of heal wounds {unknown}
 p - a potion of might {unknown}
 t - a potion of flight {unknown}


   Skills:
 + Level 2.5 Fighting
 + Level 2.5 Short Blades
 + Level 2.4 Throwing
 - Level 1.0 Dodging
 - Level 5.0 Stealth


You had 3 spell levels left.
You didn't know any spells.
Your spell library contained the following spells:

 Spells                   Type           Power      Damage    Failure   Level
 Ignite Poison            Fire/Tmut/Pois 0%         N/A       99%         3
 Mephitic Cloud           Conj/Pois/Air  0%         N/A       99%         3
 Freezing Cloud           Conj/Ice/Air   0%         6-21      100%        5


Dungeon Overview and Level Annotations

Branches:
Dungeon (3/15)

Altars:

Annotations:
D:3 Grinder


Innate Abilities, Weirdness & Mutations

You have extremely sharp teeth.
Your natural rate of healing is unusually fast.
When hurt, damage is shared between your health and your magic reserves.
Your bite disrupts and absorbs the magic of your enemies.
Potions cannot restore your health.


Message History

Grinder is moderately wounded.
You closely miss Grinder. You bite Grinder, but do no damage.
Grinder is moderately wounded.
Grinder hits you.
You writhe in agony.
You barely miss Grinder.
Grinder is moderately wounded.
Grinder hits you!
You writhe in agony.
You hit Grinder but do no damage. You bite Grinder.
Grinder's magic leaks into the air.
You drain her magic.
You feel invigorated.
Grinder is moderately wounded.
Grinder hits you.
You hit Grinder.
Grinder is moderately wounded.
Grinder hits you.
* * * LOW HITPOINT WARNING * * *
You writhe in agony.
* * * LOW HITPOINT WARNING * * *
Unknown command.
You hit Grinder. You bite Grinder, but do no damage.
Grinder is moderately wounded.
Grinder falters for a moment.
You aren't carrying any items that you can evoke.
You hit Grinder. You bite Grinder, but do no damage.
Grinder is heavily wounded.
Grinder falters for a moment.
You barely miss Grinder. Your bite misses Grinder.
Grinder is heavily wounded.
You hit Grinder but do no damage.
Grinder is heavily wounded.
Grinder hits you but does no damage.
You barely miss Grinder.
Grinder is heavily wounded.
Grinder gestures at you. Pain shoots through your body!
* * * LOW HITPOINT WARNING * * *
You closely miss Grinder.
Grinder is heavily wounded.
Grinder gestures at you. Pain shoots through your body!
You die...

~+ #.........## #
##.........##
##............
##...........##
#..#.........## .
#.##.........## ..(
##.##.........##
.....####..###.....####
......5@..## #.....# .
......##### #.....#
..... #.....# ###+
#.....# #.....# #######
##### ..... #####


You could see Grinder (magic disrupted).

Vanquished Creatures
  An adder (D:2)
  A dart slug (D:2)
  4 bats
  6 endoplasms
  5 giant cockroaches
  9 goblins
  3 hobgoblins
  A quokka (D:2)
  5 ball pythons
  4 frilled lizards
  3 kobolds (D:1)
  6 rats
48 creatures vanquished.

Notes
Turn   | Place    | Note
-------+----------+-------------------------------------------
     0 | D:1      | zishaf the Vine Stalker Brigand began the quest for the
                  | Orb.
     0 | D:1      | Reached XP level 1. HP: 11/11 MP: 2/2
   218 | D:1      | Reached skill level 1 in Dodging
   218 | D:1      | Reached XP level 2. HP: 14/15 MP: 1/3
   271 | D:1      | Reached skill level 5 in Stealth
  1023 | D:2      | Reached XP level 3. HP: 11/18 MP: 4/4
  1445 | D:2      | Found a faded altar of an unknown god.
  1864 | D:3      | Gained mutation: Your natural rate of healing is unusually
                  | fast. [Vine Stalker growth]
  1864 | D:3      | Reached XP level 4. HP: 23/23 MP: 5/5
  2004 | D:3      | Noticed Grinder
  2019 | D:3      | Killed from afar by Grinder

Illustrated notes

Levels and vault maps discovered:
D:1:      minmay_arrival_widening_spiral_wide, layout_basic,
          minmay_split_cup_small
D:2:      layout_rooms, chequers_ecumenical_altar_simple_redux
D:3:      layout_basic, saegor_snake_ambush, uniq_grinder

Skill      XL: |  1  2 |
---------------+-------+-----
Dodging        | 1 |  1.0
Stealth        | 5 |  5.0
Fighting       | 2 |  2.5
Throwing       | 2 |  2.4
Short Blades   | 2 |  2.5

Action                   |  1- 3 |  4- 6 || total
-------------------------+-------+-------++-------
Melee: Dagger            |    97 |    16 ||   113
       Bite              |    16 |     6 ||    22
       Punch             |     1 |       ||     1
Throw: Dart              |     4 |     2 ||     6
       Boomerang         |       |     2 ||     2
 Stab: Sleeping          |    12 |     2 ||    14
Armor: Scale mail        |    26 |     2 ||    28
       Ring mail         |     6 |       ||     6
Dodge: Dodged            |    41 |       ||    41

Table legend: (Time is in decaauts)
 A = Elapsed time spent in this place.
 B = Non-inter-level travel time spent in this place.
 C = Inter-level travel time spent in this place.
 D = Time resting spent in this place.
 E = Time spent auto-exploring this place.
 F = Levels seen in this place.
 G = Mean time per level.
                   A        B        C        D        E       F      G
               +--------+--------+--------+--------+--------+-----+--------+
         Total |   2010 |   1970 |     40 |      0 |   1578 |   3 |  670.0 |
       Dungeon |   2010 |   1970 |     40 |      0 |   1578 |   3 |  670.0 |
               +--------+--------+--------+--------+--------+-----+--------+

Top non-repeatable levels by time:
     D:1: 914 daAuts
     D:2: 704 daAuts
     D:3: 392 daAuts
